[Event "Titled Tuesday Blitz January 10 Late 2023"]
[White "Danielyan, Vahe"]
[Black "Pakleza, Zbigniew"]
[WhiteFideId "13304828"]
[BlackFideId "1119290"]
[WhiteElo "2346"]
[BlackElo "2494"]
[Result "1-0"]
[Round "03"]
[TimeControl "180+2"]
[Date "2023.01.10"]
[WhiteClock "0:00:36"]
[BlackClock "0:00:02"]

1. e4 d6 2. d4 Nf6 3. Nc3 c6 4. Nf3 Bg4 5. Be2 e6 6. O-O d5 7. e5 Nfd7 8. h3 Bxf3 9. Bxf3 c5 10. Re1 Be7 11. Nb5 cxd4 12. Nxd4 Nc6 13. Bf4 Qb6 14. Nxc6 bxc6 15. b3 O-O 16. c4 a5 17. Rc1 a4 18. Be3 Qa5 19. Bd4 Rfb8 20. Re3 axb3 21. axb3 Bc5 22. Be2 Bxd4 23. Qxd4 c5 24. Qf4 d4 25. Rg3 Nf8 26. h4 Qd8 27. h5 Nd7 28. Bd3 Ra3 29. Rb1 Qe7 30. Qg4 Qf8 31. Qe4 g6 32. Bc2 Qg7 33. Re1 Ra2 34. hxg6 fxg6 35. Bd3 Rb2 36. Qc6 Nf8 37. Qxc5 R2xb3 38. Qxd4 Qe7 39. c5 Rd8 40. Qc4 Rb2 41. c6 Rc8 42. Be4 Qa7 43. Rf3 Rb6 44. Qc5 Qc7 45. Rd1 Rbb8 46. Kh2 Qg7 47. Rf6 Rc7 48. Rd3 Rbc8 49. Rdf3 Re7 50. Qd6 Rec7 51. Rxf8+ Rxf8 52. Rxf8+ Qxf8 53. Qxc7 Qh6+ 54. Kg3 Qg5+ 55. Kf3 Qh5+ 56. Ke3 Qg5+ 57. Kd3 Qc1 58. Qd6 Kg7 59. c7 Qd1+ 60. Ke3 Qc1+ 61. Kf3 Qc3+ 62. Kf4 Qc1+ 63. Kg3 Qg5+ 64. Kf3 Qh5+ 65. Ke3 Qg5+ 66. Kd3 Qc1 67. Qd7+ Kh6 68. c8=Q Qd1+ 69. Kc4 Qe2+ 70. Kc5 Qxe4 71. Qd2+ 1-0


[Site "https://www.chess.com"]

[Event "Titled Tuesday Blitz January 10 Late 2023"]
[White "Kozin, Yuri"]
[Black "Kazakouski, Valery"]
[WhiteFideId "4129920"]
[BlackFideId "13507443"]
[WhiteElo "2251"]
[BlackElo "2539"]
[Result "0-1"]
[Round "03"]
[TimeControl "180+2"]
[Date "2023.01.10"]
[WhiteClock "0:00:08"]
[BlackClock "0:00:52"]

1. e4 c5 2. Nf3 a6 3. Nc3 e6 4. d4 b5 5. a3 cxd4 6. Nxd4 Bb7 7. Bd3 d6 8. f4 Nd7 9. Be3 Ngf6 10. Qf3 Qc7 11. O-O-O Be7 12. g4 g5 13. f5 e5 14. Nde2 h5 15. h3 Nc5 16. Kb1 Nxd3 17. cxd3 Bc6 18. Bxg5 a5 19. Rc1 Qb7 20. Bxf6 Bxf6 21. Nd5 Bg5 22. Rc2 b4 23. h4 hxg4 24. Qxg4 Bxd5 25. exd5 Bf6 26. Qe4 bxa3 27. Nc3 a4 28. Ka2 Qb3+ 29. Kb1 Rc8 30. Qxa4+ Qxa4 31. Nxa4 a2+ 0-1


[Site "https://www.chess.com"]

[Event "Titled Tuesday Blitz January 10 Late 2023"]
[White "Vasquez Schroeder, Rodrigo"]
[Black "Ladan, Nicholas"]
[WhiteFideId "3400042"]
[BlackFideId "30918855"]
[WhiteElo "2524"]
[BlackElo "2228"]
[Result "1/2-1/2"]
[Round "03"]
[TimeControl "180+2"]
[Date "2023.01.10"]
[WhiteClock "0:00:08"]
[BlackClock "0:00:04"]

1. e4 e5 2. Nf3 Nc6 3. Bb5 a6 4. Ba4 Bc5 5. c3 Nge7 6. d4 exd4 7. cxd4 Bb4+ 8. Nc3 d5 9. exd5 Qxd5 10. O-O Qh5 11. d5 b5 12. Nxb5 axb5 13. Bxb5 O-O 14. Qb3 Bg4 15. Bxc6 Nxc6 16. dxc6 Bd6 17. Re1 Bxf3 18. Qxf3 Qxh2+ 19. Kf1 Rfe8 20. Be3 Be5 21. Rab1 Rxa2 22. g4 Rxb2 23. Bf4 Rxb1 24. Bxh2 Rxe1+ 25. Kxe1 Bxh2+ 26. Kf1 Bd6 27. Qf5 h6 28. f4 Re6 29. g5 hxg5 30. fxg5 g6 31. Qg4 Re5 32. Kf2 Rf5+ 33. Ke2 Bf4 34. Kd3 Bxg5 35. Qe4 Bf4 36. Qe8+ Kg7 37. Kd4 Bd6 38. Qd7 Re5 39. Kd3 g5 40. Kd4 Rc5 41. Qe8 Rf5 42. Kd3 Rf6 43. Qd7 Rg6 44. Qg4 Bf4 45. Qf3 Rd6+ 46. Kc4 f5 47. Kc5 Kg6 48. Qe2 g4 49. Qe8+ Kg5 50. Qe7+ Kh5 51. Qh7+ Rh6 52. Qxf5+ Bg5 53. Qf7+ Rg6 54. Qxc7 g3 55. Kd5 Bf6 56. Qh7+ Kg5 57. Qh3 Kf4 58. Qf1+ Kg4 59. Ke4 Bg5 60. Qf5+ Kh5 61. Qh3+ Bh4 62. Qf5+ Rg5 63. Qf7+ Kg4 64. Qe6+ Kh5 65. Kf3 g2 66. Qf7+ Rg6 67. Qxg6+ Kxg6 68. Kxg2 Bd8 69. Kf3 Kf7 70. Ke4 Ke6 71. Kd4 Kd6 72. Ke4 Kxc6 1/2-1/2


[Site "https://www.chess.com"]

[Event "Titled Tuesday Blitz January 10 Late 2023"]
[White "Putnam, Liam"]
[Black "Martinez Reyes, Pedro Ramon"]
[WhiteFideId "30938279"]
[BlackFideId "3901807"]
[WhiteElo "2285"]
[BlackElo "2376"]
[Result "1-0"]
[Round "03"]
[TimeControl "180+2"]
[Date "2023.01.10"]
[WhiteClock "0:00:27"]
[BlackClock "0:00:58"]

1. b3 Nf6 2. Bb2 g6 3. Bxf6 exf6 4. c4 d5 5. cxd5 Qxd5 6. Nc3 Qa5 7. e3 Ba3 8. Qc2 O-O 9. Nf3 Nc6 10. Bc4 Bf5 11. e4 Bg4 12. Nd5 Bxf3 13. gxf3 Nd4 14. Qd3 c5 15. Nxf6+ Kg7 16. e5 Rad8 17. Qe4 b5 18. Bd5 Bb4 19. O-O Bxd2 20. a4 Bg5 21. axb5 Qc7 22. f4 Bxf6 23. exf6+ Kxf6 24. Rxa7 Qd6 25. Ra6 Kg7 26. Rxd6 Rxd6 27. Qe5+ Rf6 28. b6 Rb8 29. Qxb8 1-0


[Site "https://www.chess.com"]

[Event "Titled Tuesday Blitz January 10 Late 2023"]
[White "Mikaelyan, Arman"]
[Black "Ozates, Tuna"]
[WhiteFideId "13304852"]
[BlackFideId "6354521"]
[WhiteElo "2523"]
[BlackElo "2251"]
[Result "1/2-1/2"]
[Round "03"]
[TimeControl "180+2"]
[Date "2023.01.10"]
[WhiteClock "0:00:01"]
[BlackClock "0:00:11"]

1. d4 Nf6 2. Nf3 d5 3. Bf4 c5 4. e3 Nc6 5. Nbd2 cxd4 6. exd4 Bg4 7. c3 e6 8. Qb3 Bd6 9. Bxd6 Qxd6 10. Bd3 O-O 11. O-O a6 12. Rae1 b5 13. Ne5 Bh5 14. f4 Bg6 15. Nxg6 hxg6 16. Nf3 Na5 17. Qd1 Nc4 18. Qe2 Rab8 19. Ne5 Rfc8 20. Rf3 b4 21. Nxc4 dxc4 22. Bxc4 bxc3 23. bxc3 a5 24. Bb3 Qc6 25. Qd1 Ra8 26. Ba4 Qd5 27. Qb3 Rab8 28. Qxd5 Nxd5 29. Rc1 Rb2 30. Bb3 Nb6 31. Rf2 Rxf2 32. Kxf2 a4 33. Bd1 a3 34. Bb3 Nd5 35. Bxd5 exd5 36. Ke3 Rb8 37. Kd3 Rb2 38. Rc2 Rb1 39. Re2 f6 40. h3 Kf7 41. Kc2 Rb2+ 42. Kd3 Rb1 43. c4 Rd1+ 44. Kc3 Rc1+ 45. Rc2 Rf1 46. c5 Ke7 47. Kb4 Rxf4 48. Kb5 Rxd4 49. Kb6 Kd8 50. Re2 Re4 51. Rd2 d4 52. Rd3 f5 53. Rxa3 Re1 54. Ra8+ Ke7 55. c6 d3 56. c7 Rb1+ 57. Ka5 Rc1 58. Rd8 Rxc7 59. Rxd3 Rc2 60. a4 Rxg2 61. Rb3 f4 62. Kb4 Rg3 63. Rb1 Rxh3 64. a5 g5 65. a6 Rh8 66. Kc5 Kf6 67. a7 Ra8 68. Rb7 Ke5 69. Rxg7 Kf5 70. Kb6 f3 71. Kb7 Rxa7+ 72. Kxa7 g4 73. Kb6 Kf4 74. Kc5 f2 75. Kd4 g3 76. Rf7+ Kg4 77. Ke3 Kh3 78. Ke2 Kg2 79. Rf3 Kh2 80. Rf4 g2 81. Rxf2 Kg3 82. Rf3+ Kh2 83. Rf2 Kh1 84. Rxg2 Kxg2 1/2-1/2


[Site "https://www.chess.com"]

[Event "Titled Tuesday Blitz January 10 Late 2023"]
[White "Mahdavi, Reza"]
[Black "reevecanada"]
[WhiteFideId "12595926"]
[WhiteElo "2339"]
[BlackElo "2497"]
[Result "0-1"]
[Round "03"]
[TimeControl "180+2"]
[Date "2023.01.10"]
[WhiteClock "0:01:27"]
[BlackClock "0:02:26"]

1. e4 c5 2. Nf3 d6 3. Bb5+ Bd7 4. Bxd7+ Qxd7 5. O-O e5 6. c3 Nf6 7. d4 cxd4 8. cxd4 exd4 9. Bg5 Be7 10. Bxf6 Bxf6 11. Nxd4 O-O 12. Nc3 Nc6 13. Nxc6 bxc6 14. Qd3 Rad8 15. Rad1 Qb7 16. b3 Rd7 17. Na4 Rfd8 18. Rd2 Qb4 19. Rfd1 d5 20. Qe2 Re7 21. f3 Rde8 22. h3 dxe4 23. f4 e3 24. Rd8 Qxf4 25. Rxe8+ Rxe8 26. Rc1 Be5 27. g4 Qg3+ 28. Qg2 e2 0-1


[Site "https://www.chess.com"]

[Event "Titled Tuesday Blitz January 10 Late 2023"]
[White "Khandelwal, Ankush"]
[Black "Tan, Zhongyi"]
[WhiteFideId "413470"]
[BlackFideId "8603642"]
[WhiteElo "2205"]
[BlackElo "2517"]
[Result "0-1"]
[Round "03"]
[TimeControl "180+2"]
[Date "2023.01.10"]
[WhiteClock "0:00:06"]
[BlackClock "0:00:29"]

1. e4 e5 2. Nf3 Nc6 3. d4 exd4 4. Nxd4 Nf6 5. Nxc6 bxc6 6. e5 Qe7 7. Qe2 Nd5 8. g3 a5 9. c4 Nb6 10. Bg2 a4 11. O-O Qe6 12. Nd2 Bb4 13. f4 Bxd2 14. Bxd2 Qxc4 15. Qf2 Ba6 16. f5 O-O-O 17. Rfe1 Qb5 18. b3 Bb7 19. bxa4 Qxa4 20. Re4 Qa3 21. Bb4 Qa8 22. Bc5 Na4 23. Rb1 Nc3 24. Reb4 Nxb1 25. Rxb1 Rhe8 26. Qd4 f6 27. exf6 gxf6 28. a4 Qa5 29. Bb4 Qb6 30. Qxb6 cxb6 31. Bd6 Re2 32. Rxb6 Ra2 33. Rb4 Re8 34. Bf1 Re1 35. Rf4 Ba6 0-1


[Site "https://www.chess.com"]

[Event "Titled Tuesday Blitz January 10 Late 2023"]
[White "Goltsev, Dmitry"]
[Black "Necromon"]
[WhiteFideId "24176710"]
[WhiteElo "2269"]
[BlackElo "2454"]
[Result "1-0"]
[Round "03"]
[TimeControl "180+2"]
[Date "2023.01.10"]
[WhiteClock "0:01:35"]
[BlackClock "0:00:08"]

1. e4 c5 2. Nf3 Nc6 3. d4 cxd4 4. Nxd4 g6 5. Nxc6 bxc6 6. Qd4 Nf6 7. e5 Nd5 8. e6 Nf6 9. exf7+ Kxf7 10. Nc3 Bg7 11. Be3 Rf8 12. Be2 d5 13. O-O Kg8 14. Qc5 Qd6 15. Qxd6 exd6 16. Rad1 Bf5 17. Rd2 Be6 18. h3 Rab8 19. b3 c5 20. Nb5 Ne4 21. Rdd1 d4 22. Bc1 a6 23. Nc7 Bd7 24. Bxa6 Nc3 25. Rde1 Nxa2 26. Bg5 Nc3 27. Be7 Rf5 28. Bxd6 Rb6 29. Bg3 Nd5 30. Nxd5 Rxa6 31. Ne7+ Kf7 32. Nxf5 Bxf5 33. Rc1 Ra2 34. Bd6 Bxc2 35. Bxc5 d3 36. Be3 Bxb3 37. Rc7+ Kf8 38. Rb1 d2 39. Bxd2 Rxd2 40. Rc8+ Ke7 41. Rxb3 Rd1+ 42. Kh2 Be5+ 43. g3 Rd2 44. Kg2 Bd4 45. Rf3 h5 46. Rg8 h4 47. Rxg6 hxg3 48. Rgxg3 Be5 49. Rg4 Kd6 50. h4 Rd1 51. h5 Ra1 52. h6 Ra8 53. h7 Rh8 54. Rf7 Ke6 55. Rb7 Bf6 56. Rg8 Kf5 57. Rxh8 Bxh8 58. Rb8 1-0


[Site "https://www.chess.com"]

[Event "Titled Tuesday Blitz January 10 Late 2023"]
[White "Bambino Filho, Antonio Carlos"]
[Black "Djordjevic, Vuk"]
[WhiteFideId "2113163"]
[BlackFideId "902098"]
[WhiteElo "2144"]
[BlackElo "2375"]
[Result "0-1"]
[Round "03"]
[TimeControl "180+2"]
[Date "2023.01.10"]
[WhiteClock "0:00:19"]
[BlackClock "0:00:44"]

1. d4 Nf6 2. c4 e6 3. Nc3 Bb4 4. Qc2 O-O 5. a3 Bxc3+ 6. Qxc3 Ne4 7. Qc2 f5 8. Nf3 b6 9. e3 Bb7 10. Be2 d6 11. O-O Nd7 12. b4 a5 13. Bb2 Rf6 14. d5 Rh6 15. dxe6 Nf8 16. Nd4 Qh4 17. h3 Qg5 18. Nf3 Qg6 19. Kh2 Nxe6 20. Bd3 Rf8 21. Rg1 Qh5 22. Qe2 f4 23. Nd4 Qxe2 24. Bxe2 Nxf2 25. exf4 Nxf4 26. Bf3 Bxf3 27. Nxf3 N2xh3 28. Kg3 Ne2+ 29. Kg4 Rf4# 0-1


[Site "https://www.chess.com"]

[Event "Titled Tuesday Blitz January 10 Late 2023"]
[White "Domingo Nunez, Alejandro"]
[Black "Kleinman, Michael"]
[WhiteFideId "22245561"]
[BlackFideId "2609479"]
[WhiteElo "2338"]
[BlackElo "2387"]
[Result "1-0"]
[Round "03"]
[TimeControl "180+2"]
[Date "2023.01.10"]
[WhiteClock "0:00:17"]
[BlackClock "0:00:19"]

1. Nf3 Nf6 2. g3 g6 3. b3 Bg7 4. Bb2 O-O 5. Bg2 c5 6. c4 Nc6 7. O-O d6 8. d4 cxd4 9. Nxd4 Bd7 10. Nc3 Rc8 11. Rc1 a6 12. a3 b5 13. Nxc6 Bxc6 14. Bxc6 Rxc6 15. cxb5 axb5 16. Nxb5 Rb6 17. a4 h5 18. Qd3 h4 19. a5 Rb8 20. b4 Qd7 21. Nd4 Rxb4 22. Bc3 Rbb8 23. a6 Qh3 24. Nf3 e5 25. e4 Ng4 26. Qxd6 f5 27. a7 fxe4 28. axb8=Q exf3 29. Qbxf8+ Bxf8 30. Qxg6+ Bg7 31. Qe8+ Kh7 32. Qh5+ Bh6 33. Qf5+ Kg8 34. Qe6+ Kg7 35. Bxe5+ Kh7 36. Rc7+ 1-0


[Site "https://www.chess.com"]

[Event "Titled Tuesday Blitz January 10 Late 2023"]
[White "Goryachkina, Aleksandra"]
[Black "Urbina Perez, Juan Antonio"]
[WhiteFideId "4147103"]
[BlackFideId "2217368"]
[WhiteElo "2571"]
[BlackElo "2266"]
[Result "1/2-1/2"]
[Round "03"]
[TimeControl "180+2"]
[Date "2023.01.10"]
[WhiteClock "0:00:05"]
[BlackClock "0:00:26"]

1. e4 d5 2. exd5 Qxd5 3. Nc3 Qd8 4. d4 Nf6 5. Nf3 Bg4 6. Be2 e6 7. O-O Be7 8. h3 Bh5 9. Ne5 Bxe2 10. Nxe2 Nbd7 11. Bf4 Nxe5 12. Bxe5 Bd6 13. Qc1 O-O 14. Ng3 Bxe5 15. dxe5 Nd7 16. Qf4 Qe7 17. Rfe1 Rfd8 18. Nh5 Nf8 19. Re3 Ng6 20. Qe4 c6 21. Nf4 Nxf4 22. Qxf4 Rd5 23. Rae1 Rad8 24. h4 Rd1 25. h5 Rxe1+ 26. Rxe1 h6 27. Re3 Qg5 28. Qxg5 hxg5 29. Kf1 Rd2 30. Rb3 b6 31. Rc3 c5 32. Ke1 Rd5 33. Re3 Rd4 34. Ra3 Rd7 35. Ke2 f6 36. exf6 gxf6 37. g4 Kf7 38. f3 f5 39. Ra4 Kf6 40. c3 Kg7 41. Ke3 Kf6 42. Ra6 Ke5 43. a4 Kd5 44. a5 fxg4 45. fxg4 b5 46. b3 c4 47. b4 Rf7 48. Ke2 Rd7 49. Ke3 Rf7 50. Ke2 Rd7 51. Ke3 1/2-1/2


[Site "https://www.chess.com"]

[Event "Titled Tuesday Blitz January 10 Late 2023"]
[White "Bazeev, German"]
[Black "Herman, Daniel"]
[WhiteFideId "24119350"]
[BlackFideId "30935008"]
[WhiteElo "2369"]
[BlackElo "1956"]
[Result "1-0"]
[Round "03"]
[TimeControl "180+2"]
[Date "2023.01.10"]
[WhiteClock "0:00:25"]
[BlackClock "0:00:08"]

1. c4 e5 2. Nc3 Bb4 3. Nf3 Nc6 4. Nd5 Be7 5. d3 f5 6. g3 Nf6 7. Bg2 d6 8. O-O O-O 9. Rb1 Nxd5 10. cxd5 Nb8 11. Bd2 Nd7 12. Rc1 a5 13. Qc2 Nc5 14. d4 exd4 15. Nxd4 Bf6 16. Bc3 Ne4 17. e3 Bd7 18. Rfd1 c5 19. dxc6 bxc6 20. a4 d5 21. Be1 Rc8 22. Nb3 Rb8 23. Bxa5 Qe7 24. Bc3 Nxc3 25. bxc3 Qa3 26. Nd4 Rb2 27. Qd3 g6 28. c4 Qxd3 29. Rxd3 dxc4 30. Rdd1 Ra8 31. Rxc4 Ra2 32. Bxc6 Bxc6 33. Nxc6 R8xa4 34. Rxa4 Rxa4 35. Rd7 Rc4 36. Nd4 Bxd4 37. exd4 Rc2 38. h4 Rd2 39. Kf1 h6 40. Ke1 g5 41. Kxd2 1-0


[Site "https://www.chess.com"]

[Event "Titled Tuesday Blitz January 10 Late 2023"]
[White "Barrientos, Sergio E"]
[Black "Ongut, Tamas Gunes"]
[WhiteFideId "4401824"]
[BlackFideId "770280"]
[WhiteElo "2479"]
[BlackElo "2299"]
[Result "1-0"]
[Round "03"]
[TimeControl "180+2"]
[Date "2023.01.10"]
[WhiteClock "0:01:25"]
[BlackClock "0:00:34"]

1. e4 e5 2. Nf3 Nc6 3. Bb5 a6 4. Ba4 d6 5. c4 Nf6 6. Nc3 Bg4 7. d3 Be7 8. h3 Bxf3 9. Qxf3 O-O 10. Be3 Nd4 11. Bxd4 exd4 12. Ne2 Nd7 13. Bxd7 Qxd7 14. Nxd4 Bf6 15. Qe3 b5 16. O-O c5 17. Nf5 Bxb2 18. Rab1 Bc3 19. d4 Bxd4 20. Nxd4 cxd4 21. Qxd4 bxc4 22. Qxc4 Rfc8 23. Qd3 Qe6 24. Rb3 Rc4 25. f3 Rac8 26. Rd1 Rc1 27. Rb1 R1c2 28. a4 Qg6 29. Qxc2 1-0


[Site "https://www.chess.com"]

[Event "Titled Tuesday Blitz January 10 Late 2023"]
[White "Martin Duque, Jesus"]
[Black "Hernandez Gonzalez, William"]
[WhiteFideId "2208954"]
[BlackFideId "3509915"]
[WhiteElo "2386"]
[BlackElo "2489"]
[Result "0-1"]
[Round "03"]
[TimeControl "180+2"]
[Date "2023.01.10"]
[WhiteClock "0:01:43"]
[BlackClock "0:00:41"]

1. Nf3 Nf6 2. b3 g6 3. Bb2 Bg7 4. g3 b6 5. Bg2 Bb7 6. O-O O-O 7. e3 d5 8. Qe2 Nbd7 9. Rd1 Re8 10. d4 Ne4 11. c4 c6 12. Ne5 f6 13. Nxd7 Qxd7 14. f3 Nd6 15. e4 dxe4 16. fxe4 e5 17. c5 Nf7 18. d5 bxc5 19. Nc3 Rad8 20. Na4 Bf8 21. d6 Bxd6 22. Kh1 Qc8 23. Rf1 Be7 24. Qc4 Ba6 25. Qc3 c4 26. b4 Bb5 27. Nc5 Ng5 28. a4 Ba6 29. h4 Bxc5 30. bxc5 Rd3 31. Qa5 Ne6 32. Rxf6 Nd4 33. Bxd4 exd4 34. e5 Rxg3 35. Rxc6 Qg4 36. Qxa6 Rxg2 37. Qxc4+ Kh8 38. Qd3 Rg3 0-1


[Site "https://www.chess.com"]

[Event "Titled Tuesday Blitz January 10 Late 2023"]
[White "Taboas Rodriguez, Daniel"]
[Black "Bochnicka, Vladimir"]
[WhiteFideId "2208466"]
[BlackFideId "14943450"]
[WhiteElo "2371"]
[BlackElo "2327"]
[Result "0-1"]
[Round "03"]
[TimeControl "180+2"]
[Date "2023.01.10"]
[WhiteClock "0:00:12"]
[BlackClock "0:00:08"]

1. d4 Nf6 2. Nf3 g6 3. c4 Bg7 4. Nc3 O-O 5. e4 d6 6. Be2 e5 7. dxe5 dxe5 8. Qxd8 Rxd8 9. Bg5 Re8 10. Nd5 Nxd5 11. cxd5 c6 12. Bc4 cxd5 13. Bxd5 Nd7 14. Nd2 Nb6 15. Bb3 Be6 16. Ke2 Rac8 17. Rhc1 Bxb3 18. axb3 a6 19. Be3 Nd7 20. Nc4 Bf8 21. Na5 Bc5 22. Nxb7 Bxe3 23. Kxe3 Rxc1 24. Rxc1 Rb8 25. Rc7 Nf6 26. f3 Kg7 27. Nc5 Rb6 28. Kd3 Ne8 29. Re7 Nd6 30. Rxe5 Rb5 31. Rd5 Nc8 32. Nxa6 Rxb3+ 33. Kc2 Rb6 34. Nc5 Nd6 35. Nd3 Nc4 36. Kc3 Ne3 37. Rd7 Nxg2 38. b4 Nh4 39. f4 Nf3 40. h3 Ng1 41. Nf2 Ne2+ 42. Kc4 Nxf4 43. b5 Ne6 44. e5 h5 45. Rd6 Rb7 46. b6 g5 47. Kb5 Kg6 48. Kc6 Rb8 49. Rd7 Kf5 50. b7 Kxe5 51. Rxf7 Nd8+ 52. Kc7 Rxb7+ 53. Kxd8 Rxf7 54. Nd3+ Kd4 55. Ne1 g4 56. hxg4 hxg4 57. Ke8 Rf1 58. Ng2 Ke4 59. Ke7 Rf2 60. Nh4 Rh2 61. Ng6 g3 0-1


[Site "https://www.chess.com"]

[Event "Titled Tuesday Blitz January 10 Late 2023"]
[White "Mekhane, Adam"]
[Black "Volkov, Maksim"]
[WhiteFideId "36050601"]
[BlackFideId "54123070"]
[WhiteElo "2280"]
[BlackElo "2258"]
[Result "0-1"]
[Round "03"]
[TimeControl "180+2"]
[Date "2023.01.10"]
[WhiteClock "0:00:02"]
[BlackClock "0:00:22"]

1. e4 c5 2. Nf3 d6 3. Bb5+ Nd7 4. a4 a6 5. Be2 Ngf6 6. Nc3 e6 7. d4 cxd4 8. Qxd4 Qc7 9. Bg5 b6 10. O-O Bb7 11. Rfd1 Be7 12. h3 O-O 13. Bf1 Rac8 14. Qe3 Rfe8 15. Rd2 Nc5 16. Bd3 Rcd8 17. Rad1 h6 18. Bh4 Nfd7 19. Bxe7 Rxe7 20. Nd4 Ne5 21. f4 Nexd3 22. cxd3 e5 23. Nf5 Re6 24. b4 Nb3 25. Rc2 Rf6 26. Rb1 exf4 27. Qf2 Nc5 28. bxc5 dxc5 29. Rd2 Kh7 30. Ne2 g6 31. Nh4 Bxe4 32. Rbd1 Bc6 33. Nf3 Bxa4 34. Ra1 Bb5 35. d4 c4 36. Nc3 Bc6 37. Ne5 Bb7 38. Qh4 Kg7 39. Rf1 g5 40. Qh5 b5 41. h4 Rf5 42. Ng4 Rd6 43. d5 Qa5 44. Ne4 Rg6 45. hxg5 hxg5 46. Re2 Bxd5 47. Nd6 Qb6+ 48. Kh2 Qxd6 49. Re8 f6 0-1


[Site "https://www.chess.com"]

[Event "Titled Tuesday Blitz January 10 Late 2023"]
[White "Arenas, David"]
[Black "UnknownMagician"]
[WhiteFideId "4403177"]
[WhiteElo "2426"]
[BlackElo "2662"]
[Result "0-1"]
[Round "03"]
[TimeControl "180+2"]
[Date "2023.01.10"]
[WhiteClock "0:00:03"]
[BlackClock "0:00:10"]

1. e4 c6 2. d4 d5 3. e5 Bf5 4. Nd2 e6 5. Nb3 h6 6. Nf3 Ne7 7. Be2 Nd7 8. O-O g5 9. Bd2 Bg7 10. Bb4 O-O 11. a4 f6 12. exf6 Bxf6 13. a5 Re8 14. c4 Ng6 15. Bd6 dxc4 16. Bxc4 Nb6 17. axb6 Qxd6 18. bxa7 Nf4 19. Re1 b5 20. Bf1 Qd5 21. Nc5 Re7 22. Ne5 Rexa7 23. Rxa7 Rxa7 24. Ng4 Bg7 25. Ne3 Qxd4 26. Nxf5 exf5 27. Qc2 Rf7 28. g3 Nd5 29. Ne6 Qb6 30. Bg2 Bf6 31. Bxd5 cxd5 32. Qxf5 Bxb2 33. Qg6+ Bg7 34. Re2 b4 35. Qc2 b3 36. Qc8+ Kh7 37. Nxg7 Kxg7 38. Qc3+ d4 39. Qb2 Qb4 40. Rd2 Qc3 41. Kg2 Ra7 42. Re2 Ra2 0-1


[Site "https://www.chess.com"]

[Event "Titled Tuesday Blitz January 10 Late 2023"]
[White "Le Goff, Ronan"]
[Black "Atanasov, Anthony"]
[WhiteFideId "612073"]
[BlackFideId "2623897"]
[WhiteElo "2320"]
[BlackElo "2368"]
[Result "0-1"]
[Round "03"]
[TimeControl "180+2"]
[Date "2023.01.10"]
[WhiteClock "0:00:57"]
[BlackClock "0:00:21"]

1. d4 Nf6 2. c4 g6 3. Nf3 Bg7 4. Nc3 d5 5. Bf4 O-O 6. e3 c5 7. dxc5 Qa5 8. Rc1 dxc4 9. Bxc4 Qxc5 10. Bb3 Nc6 11. O-O Qh5 12. Nd5 Bg4 13. h3 Bxf3 14. Qxf3 Qxf3 15. gxf3 Nxd5 16. Bxd5 Rac8 17. Bxc6 Rxc6 18. Rxc6 bxc6 19. Rc1 Rc8 20. b4 e5 21. Bg3 f6 22. f4 e4 23. f5 gxf5 24. Bd6 Bf8 25. Bc5 Rb8 26. a3 a5 27. bxa5 Rb5 28. Bxf8 Kxf8 29. a6 c5 30. a7 Ra5 31. Rxc5 Rxa7 32. Rxf5 Kf7 33. Rf4 Ra4 34. f3 Rxa3 35. Rxe4 f5 36. Re5 Kf6 37. f4 Ra2 38. Rb5 Rc2 39. Rb6+ Kf7 40. h4 Re2 41. Rb3 Kg6 42. Kf1 Rh2 43. Rb6+ Kh5 44. Rf6 Kg4 45. Rh6 Rxh4 46. Rxh4+ Kxh4 47. e4 fxe4 48. Ke2 Kg4 49. Ke3 h5 50. Kxe4 h4 51. f5 h3 52. f6 h2 53. f7 h1=Q+ 54. Ke5 Qa8 55. Kf6 Qf8 0-1


[Site "https://www.chess.com"]

[Event "Titled Tuesday Blitz January 10 Late 2023"]
[White "Carnicelli, Valerio"]
[Black "Urquhart, Ed"]
[WhiteFideId "856185"]
[BlackFideId "2603748"]
[WhiteElo "2370"]
[BlackElo "2209"]
[Result "0-1"]
[Round "03"]
[TimeControl "180+2"]
[Date "2023.01.10"]
[WhiteClock "0:00:01"]
[BlackClock "0:00:03"]

1. b3 Nf6 2. Bb2 e6 3. Nf3 d5 4. d3 Be7 5. g4 O-O 6. g5 Ne8 7. h4 c5 8. Nbd2 Nc6 9. e4 b5 10. Qe2 a5 11. Rg1 Nb4 12. O-O-O Nxa2+ 13. Kb1 Nb4 14. h5 d4 15. g6 Nf6 16. e5 Nfd5 17. gxh7+ Kh8 18. Ne4 a4 19. Nfg5 axb3 20. cxb3 Qa5 21. Qf3 Nc3+ 22. Kc1 Qa2 23. Nd2 Bxg5 24. Rxg5 Qa7 25. Nb1 Bb7 26. Qf4 Nbd5 27. Qg3 Na2+ 28. Kc2 Nab4+ 29. Kd2 Qa2 30. Rxg7 Qxb2+ 31. Ke1 Nc2+ 32. Ke2 Nce3+ 33. Rd2 Qxb1 34. fxe3 dxe3 35. Rd1 Qc2+ 36. Kf3 Qxd1+ 37. Kg2 Qxh5 38. Be2 Qh6 39. Rg5 Nf4+ 40. Kg1 Ng6 41. Qg2 Kxh7 42. Qxb7 Kg7 43. Rg2 Rh8 44. Qf3 Qh1# 0-1


[Site "https://www.chess.com"]

[Event "Titled Tuesday Blitz January 10 Late 2023"]
[White "Novikov, Evgenij"]
[Black "Solon, Nathan"]
[WhiteFideId "4125380"]
[BlackFideId "2017229"]
[WhiteElo "2276"]
[BlackElo "2306"]
[Result "1-0"]
[Round "03"]
[TimeControl "180+2"]
[Date "2023.01.10"]
[WhiteClock "0:00:17"]
[BlackClock "0:00:20"]

1. d4 Nf6 2. c4 c5 3. d5 b5 4. cxb5 a6 5. b6 a5 6. Nc3 Ba6 7. Nf3 d6 8. g3 g6 9. Bg2 Bg7 10. O-O O-O 11. Re1 Nbd7 12. e4 Qxb6 13. Rb1 Ng4 14. Bg5 h6 15. Bxe7 Rfe8 16. Bh4 Nde5 17. Nxe5 Nxe5 18. g4 Nd3 19. Re3 c4 20. Qd2 Rab8 21. Bg3 g5 22. h4 Bd4 23. Rf3 f6 24. hxg5 hxg5 25. Bf1 Kg7 26. b3 Ne5 27. Bxe5 Bxe5 28. bxc4 Qa7 29. Nb5 Bxb5 30. Rxb5 Rxb5 31. cxb5 Rc8 32. Ra3 a4 33. Qe3 Qa5 34. Qf3 Rc1 35. Rd3 Qxb5 36. Rd1 Rc3 37. Qxc3 Qxf1+ 38. Kxf1 Bxc3 39. Rc1 Be5 40. Rc6 1-0


[Site "https://www.chess.com"]

[Event "Titled Tuesday Blitz January 10 Late 2023"]
[White "Goncalves, Davi Sulzbacher"]
[Black "Haydon, David L"]
[WhiteFideId "2154510"]
[BlackFideId "415405"]
[WhiteElo "2282"]
[BlackElo "2253"]
[Result "0-1"]
[Round "03"]
[TimeControl "180+2"]
[Date "2023.01.10"]
[WhiteClock "0:00:06"]
[BlackClock "0:00:27"]

1. Nf3 c6 2. d4 d5 3. c4 Nf6 4. Nc3 e6 5. Bg5 Be7 6. e3 Nbd7 7. Bd3 a6 8. c5 e5 9. dxe5 Ng4 10. Bf4 Nxc5 11. h3 Nh6 12. Bxh6 gxh6 13. Bc2 h5 14. Nd4 Qb6 15. Rb1 Rg8 16. Qxh5 Rxg2 17. Qxh7 Ne6 18. Nf5 d4 19. Ne4 Nd8 20. Qh8+ Kd7 21. Rd1 c5 22. Ba4+ Kc7 23. Kf1 Bxf5 24. Nd6 Bxd6 25. exd6+ Qxd6 26. Kxg2 Be4+ 27. f3 Qg6+ 28. Kf2 Qf5 29. f4 Bxh1 30. Rxh1 dxe3+ 31. Kxe3 Ne6 32. Qe5+ Qxe5+ 33. fxe5 Rh8 34. Bb3 Kd7 35. h4 Nd4 36. Bxf7 Ke7 37. Bd5 b5 38. h5 Nf5+ 39. Kf4 Rf8 40. Kg5 Ng3 41. h6 Nxh1 42. h7 Rh8 43. Kg6 Ng3 44. Bb7 a5 45. Kg7 Rxh7+ 46. Kxh7 Ke6 47. Ba6 b4 48. Kg6 Kxe5 49. Kf7 Kd6 50. Kf6 Ne4+ 51. Kf5 Nd2 52. b3 Kd5 53. Kf4 Kd4 54. Kf5 Kc3 55. Ke6 Kb2 56. Kd6 Kxa2 57. Kxc5 Nxb3+ 58. Kb5 Ka3 59. Bc8 a4 60. Be6 Nd2 61. Bd5 b3 62. Kc5 b2 63. Kd4 b1=Q 64. Ke3 Qb2 65. Kd3 Kb4 66. Be6 a3 67. Ke2 a2 68. Bxa2 Qxa2 69. Kd3 Nb3 70. Ke3 Qd2+ 71. Kf3 Kc4 72. Ke4 Qe2+ 73. Kf5 Nd4+ 74. Kf4 Qf3+ 75. Ke5 Qf5+ 76. Kd6 Qe6+ 77. Kc7 Qc6+ 78. Kd8 Qb7 79. Ke8 Kd5 80. Kf8 Ke6 81. Kg8 Kf6 82. Kh8 Qg7# 0-1


[Site "https://www.chess.com"]